 Dungeon Crawl Stone Soup version 0.30-a0-622-gddc90eaa04 (webtiles) character file.

Game seed: 5240841910146313859

456 Leeroy the Ducker (level 7, 0/50 HPs)
             Began as a Merfolk Gladiator on Jan 10, 2023.
             Slain by a quokka (3 damage)
             ... summoned by Eustachio
             ... on level 4 of the Dungeon.
             The game lasted 00:05:08 (3913 turns).

Leeroy the Ducker (Merfolk Gladiator)               Turns: 3913, Time: 00:05:09

Health: 0/50       AC:  5    Str: 13 (14) XL:     7   Next: 6%
Magic:  7/7        EV: 15    Int:  8      God:
Gold:   173        SH:  0    Dex: 16 (17) Spells: 5/6 levels left

rFire   . . .      SeeInvis .    a - +0 long sword
rCold   . . .      Faith    .    (no shield)
rNeg    . . .      Spirit   .    b - +0 leather armour
rPois   .          Reflect  .    c - +0 helmet
rElec   .          Harm     .    y - +0 cloak
rCorr   .          Rampage  .    (no gloves)
Will    .....                    (no boots)
Stlth   +                        (no amulet)
HPRegen 0.28/turn                (no ring)
MPRegen 0.10/turn                (no ring)

@: no status effects
A: (nimble swimmer 2), mertail
a: no special abilities


You were on level 4 of the Dungeon.
You visited 1 branch of the dungeon, and saw 4 of its levels.

You collected 173 gold pieces.

Inventory:

Hand Weapons
 a - a +0 long sword (weapon)
 A - a +3 quarterstaff of chaos
 B - the +4 hammer of Dried Tears {flame, *Noise rC+++ rCorr Stlth+}
   (You found it on level 2 of the Dungeon)

   rC:        It renders you almost immune to cold.
   *Noise:    It may make noises in combat.
   rCorr:     It protects you from acid and corrosion.
   Stlth:     It makes you more stealthy.
 C - a +1 hammer of protection
Missiles
 d - 3 throwing nets (quivered)
 e - 6 javelins
 q - 2 poisoned darts
Armour
 b - a +0 leather armour (worn)
 c - a +0 helmet (worn)
 m - a +0 helmet
 y - a +0 cloak (worn)
Jewellery
 z - an amulet of regeneration
Scrolls
 f - 4 scrolls of identify
 j - a scroll of poison {unknown}
 k - a scroll of amnesia {unknown}
 n - a scroll of torment {unknown}
 o - 2 scrolls of magic mapping
 r - a scroll of fog {unknown}
 s - a scroll of brand weapon {unknown}
 t - a scroll of silence {unknown}
 u - a scroll of immolation {unknown}
 v - a scroll of enchant armour {unknown}
 x - a scroll of enchant weapon {unknown}
 D - 2 scrolls of fear {unknown}
Potions
 g - 3 potions of brilliance
 h - a potion of berserk rage {unknown}
 i - a potion of heal wounds {unknown}
 l - a potion of flight {unknown}
 p - a potion of cancellation
 w - a potion of invisibility {unknown}
 E - a potion of might {unknown}


   Skills:
 - Level 2.1 Fighting
 - Level 7.0 Long Blades
 - Level 2.0 Throwing
 + Level 7.7 Dodging


You had 5 spell levels left.
You knew the following spells:

 Your Spells              Type           Power      Damage    Failure   Level
a - Apportation           Tloc           0%         N/A       50%         1

Your spell library contained the following spells:

 Spells                   Type           Power      Damage    Failure   Level
 Necrotise                Necr           0%         1d4       50%         1
 Sandblast                Erth           0%         2d4       50%         1
 Summon Small Mammal      Summ           0%         N/A       50%         1
 Passwall                 Tmut/Erth      0%         N/A       63%         2
 Stone Arrow              Conj/Erth      0%         3d7       86%         3


Dungeon Overview and Level Annotations

Branches:
Dungeon (4/15)
 Temple: D:4-7

Altars:
Xom
The Shining One

Shops:
D:4 !

Annotations:
D:4 Eustachio


Innate Abilities, Weirdness & Mutations

((You are very nimble when in or above water. (Stealth+, EV+, Speed+++)))
Your lower body shifts to a powerful aquatic tail in water.


Message History

Eustachio hits you with a +0 rapier!
You completely miss Eustachio.
Eustachio is lightly wounded.
Eustachio mumbles some strange words.
You closely miss Eustachio.
Eustachio is lightly wounded.
Eustachio hits you with a +0 rapier!
You closely miss Eustachio.
Eustachio is lightly wounded.
Eustachio gestures wildly while chanting.
The iron imp misses you.
You hit Eustachio.
Eustachio is moderately wounded.
The white imp disappears in a puff of smoke!
Eustachio hits you with a +0 rapier. The iron imp closely misses you.
The white imp shouts, "Leave, thou currish fen-sucked slime mould!"
The white imp hits you but does no damage.
You barely miss Eustachio.
Eustachio is moderately wounded.
Eustachio mumbles some strange words.
The iron imp misses you. The white imp closely misses you.
The crimson imp blinks!
You barely miss Eustachio.
Eustachio is moderately wounded.
Eustachio zaps a wand.
The puff of flame hits you. The white imp closely misses you.
The iron imp barely misses you.
Eustachio gestures wildly while chanting.
Eustachio blinks!
The quokka barely misses you. The quokka misses you.
The quokka attacks as you move away! The quokka completely misses you.
The quokka closely misses you.
The crimson imp hits you but does no damage.
The quokka closely misses you. The crimson imp closely misses you.
The quokka completely misses you.
Eustachio zaps a wand.
The puff of flame hits you!
* * * LOW HITPOINT WARNING * * *
The quokka barely misses you. Eustachio hits you with a +0 rapier!
* * * LOW HITPOINT WARNING * * *
The quokka attacks as you move away! The quokka bites you.
You die...

#.#.#.#
#.........# #..
#.#.#.#
#.........# #..
#.#.#.#
#.........# #..
####.#.#.#
####.###########
#......#.########
#............
########........#
#############
#......r.# .....
#
#...55.5.#......
#
#......r@<......
#......@.#......
#........# .....
#.......... .###
#.######.### # #.
#.# # #.# ...


You could see Eustachio, an iron imp (summoned), a crimson imp (summoned), a
white imp (summoned) and 2 quokkas.

Vanquished Creatures
  A black bear (D:4)
  A scorpion (D:4)
  Crazy Yiuf (D:2)
  A jelly (D:4)
  Jessica (D:2)
  An iguana (D:4)
  An orc wizard (D:4)
  3 gnolls
  4 adders
  A worm (D:2)
  4 dart slugs
  2 orcs (D:4)
  6 ball pythons
  8 endoplasms
  3 giant cockroaches
  11 goblins
  11 hobgoblins
  8 jackals (D:2)
  5 quokkas
  8 bats
  5 frilled lizards
  5 kobolds
  2 rats
93 creatures vanquished.

Notes
Turn   | Place    | Note
-------+----------+-------------------------------------------
     0 | D:1      | Leeroy the Merfolk Gladiator began the quest for the Orb.
     0 | D:1      | Reached XP level 1. HP: 16/16 MP: 1/1
    91 | D:1      | Reached XP level 2. HP: 22/22 MP: 2/2
   431 | D:1      | You fall into a shaft and drop 1 floor!
   645 | D:1      | Reached XP level 3. HP: 27/27 MP: 3/3
   654 | D:1      | Reached skill level 5 in Long Blades
  1258 | D:2      | Reached XP level 4. HP: 10/33 MP: 4/4
  1515 | D:2      | Learned a level 1 spell: Apportation
  1870 | D:2      | Found a runed translucent door.
  1871 | D:2      | Noticed Crazy Yiuf
  1881 | D:2      | Killed Crazy Yiuf
  1882 | D:2      | Reached XP level 5. HP: 8/38 MP: 5/5
  1890 | D:2      | Identified the +4 hammer of Dried Tears {flame, *Noise
                  | rC+++ rCorr Stlth+}
  2018 | D:2      | Noticed Jessica
  2052 | D:2      | Killed Jessica
  2701 | D:3      | Found a shimmering altar of Xom.
  2858 | D:3      | Reached skill level 5 in Dodging
  3421 | D:4      | Reached XP level 6. HP: 44/44 MP: 6/6
  3494 | D:4      | Found a glowing golden altar of the Shining One.
  3505 | D:4      | Noticed a black bear
  3527 | D:4      | Killed a black bear
  3605 | D:4      | Found Haokutsily's Distillery.
  3744 | D:4      | Reached XP level 7. HP: 27/50 MP: 7/7
  3896 | D:4      | Noticed Eustachio
  3913 | D:4      | Slain by a quokka

Illustrated notes

Levels and vault maps discovered:
D:1:      lightli_arrival_noodles, layout_basic
D:2:      layout_loops_ring, nicolae_half_adder, uniq_jessica,
          uniq_crazy_yiuf_cottage
D:3:      layout_basic, general_overflow_altar
D:4:      layout_basic, kennysheep_little_box, serial_shops, shop,
          chequers_serial_rivers_small_3, uniq_eustachio

Skill      XL: |  1  2  3  4  5  6 |
---------------+-------------------+-----
Long Blades    | 4 5 6 7 |  7.0
Dodging        | 5 7 |  7.7
Fighting       | |  2.1
Throwing       | |  2.0

Action                   |  1- 3 |  4- 6 |  7- 9 || total
-------------------------+-------+-------+-------++-------
Melee: Long sword        |   103 |   207 |    10 ||   320
       Punch             |     2 |     2 |       ||     4
  Use: Potion            |     1 |     3 |       ||     4
       Scroll            |       |     1 |       ||     1
 Stab: Sleeping          |     2 |     2 |       ||     4
Armor: Leather armour    |    39 |    52 |     2 ||    93
Dodge: Dodged            |    97 |   155 |    15 ||   267

Table legend: (Time is in decaauts)
 A = Elapsed time spent in this place.
 B = Non-inter-level travel time spent in this place.
 C = Inter-level travel time spent in this place.
 D = Time resting spent in this place.
 E = Time spent auto-exploring this place.
 F = Levels seen in this place.
 G = Mean time per level.
                   A        B        C        D        E       F      G
               +--------+--------+--------+--------+--------+-----+--------+
         Total |   3947 |   3722 |    225 |    244 |   2694 |   4 |  986.8 |
       Dungeon |   3947 |   3722 |    225 |    244 |   2694 |   4 |  986.8 |
               +--------+--------+--------+--------+--------+-----+--------+

Top non-repeatable levels by time:
     D:2: 1414 daAuts
     D:1: 1028 daAuts
     D:3: 1004 daAuts
     D:4: 499 daAuts
